 Dungeon Crawl Stone Soup version 0.29.0-11-gd7f09526c8 (webtiles) character file.

Game seed: 16568942453861581722

171 Arum the Trooper (level 5, -2/43 HPs)
             Began as a Formicid Fighter on Sept 2, 2022.
             Slain by a phantom (7 damage)
             ... on level 4 of the Dungeon.
             The game lasted 00:03:01 (2620 turns).

Arum the Trooper (Formicid Fighter)                 Turns: 2620, Time: 00:03:02

Health: -2/43      AC:  0    Str: 22    XL:     5   Next: 81%
Magic:  5/5        EV:  9    Int:  8    God:
Gold:   143        SH:  5    Dex: 13    Spells: 4/4 levels left

rFire   . . .      SeeInvis +   r - +2 hand axe (drain)
rCold   . . .      Faith    .   c - +0 buckler
rNeg    . . .      Spirit   .   b - +0 scale mail
rPois   +          Reflect  .   (helmet unavailable)
rElec   .          Harm     .   (no cloak)
rCorr   .          Rampage  .   (no gloves)
Will    +....                   (no boots)
Stlth   ..........              (no amulet)
HPRegen 0.14/turn               m - ring of willpower
MPRegen 0.09/turn               o - ring of poison resistance

@: corroded
A: permanent stasis, dig shafts and tunnels, antennae 3, four strong arms
a: Dig, Shaft Self


You were on level 4 of the Dungeon.
You visited 1 branch of the dungeon, and saw 4 of its levels.

You collected 143 gold pieces.

Inventory:

Hand Weapons
 a - a +0 war axe
 r - a +2 hand axe of draining (weapon)
Armour
 b - a +0 scale mail (worn)
 c - a +0 buckler (worn)
Jewellery
 m - a ring of willpower (left hand)
 o - a ring of poison resistance (right hand)
Scrolls
 e - a scroll of amnesia {unknown}
 f - a scroll of enchant armour {unknown}
 g - 2 scrolls of immolation {unknown}
 h - a scroll of torment {unknown}
 k - 3 scrolls of identify {unknown}
 l - 3 scrolls of teleportation {unknown}
 s - a scroll of acquirement {unknown}
 t - a scroll of butterflies {unknown}
Potions
 d - a potion of might
 i - 2 potions of degeneration {unknown}
 j - a potion of heal wounds {unknown}
 n - 2 potions of curing {unknown}
 p - 2 potions of haste {unknown}
 q - a potion of mutation {unknown}
 u - a potion of ambrosia {unknown}


   Skills:
 + Level 4.6 Fighting
 + Level 3.5 Axes
 + Level 4.6 Armour
 - Level 4.0 Shields


You had 4 spell levels left.
You didn't know any spells.
Your spell library contained the following spells:

 Spells                   Type           Power      Damage    Failure   Level
 Call Canine Familiar     Summ           0%         N/A       99%         3
 Portal Projectile        Hex/Tloc       0%         N/A       99%         3
 Cause Fear               Hex            0%         N/A       100%        4
 Corpse Rot               Necr/Pois/Air  0%         N/A       100%        4
 Dispel Undead            Necr           0%         3d6       100%        4
 Leda's Liquefaction      Hex/Erth       0%         N/A       100%        4
 Death Channel            Necr           0%         N/A       100%        6
 Dragon Form              Tmut           0%         N/A       100%        7
 Borgnjor's Revivificati  Necr           0%         N/A       100%        8
 Necromutation            Tmut/Necr      0%         N/A       100%        8
 Death's Door             Necr           0%         N/A       100%        9
 Dragon's Call            Summ           0%         N/A       100%        9


Dungeon Overview and Level Annotations

Branches:
Dungeon (4/15)
 Temple: D:4-7

Altars:


Innate Abilities, Weirdness & Mutations

You cannot be hasted, slowed, berserked, paralysed or teleported.
You can dig through walls and to a lower floor.
You have a pair of large antennae on your head. (SInv)
Your four strong arms can wield two-handed weapons with a shield.


Message History

The phantom closely misses you.
You miss the phantom.
The phantom is moderately damaged.
You block the phantom's attack. The phantom barely misses you.
You miss the phantom.
The phantom is lightly damaged.
The phantom completely misses you.
You closely miss the phantom.
The phantom is lightly damaged.
The phantom misses you.
You hit the phantom.
The phantom is moderately damaged.
You block the phantom's attack.
You barely miss the phantom.
The phantom is moderately damaged.
You block the phantom's attack.
You closely miss the phantom.
The phantom is moderately damaged.
The phantom hits you.
* * * LOW HITPOINT WARNING * * *
You hit the phantom.
The phantom is heavily damaged.
You block the phantom's attack. The phantom completely misses you.
You closely miss the phantom.
The phantom is heavily damaged.
The phantom hits you!
* * * LOW HITPOINT WARNING * * *
You barely miss the phantom.
The phantom is heavily damaged.
You block the phantom's attack.
You closely miss the phantom.
The phantom is heavily damaged.
The phantom closely misses you.
You closely miss the phantom.
The phantom is heavily damaged.
The phantom closely misses you.
You hit the phantom but do no damage.
The phantom is heavily damaged.
The phantom hits you!
You die...

. ..........#.##....#
........#.###.# ...#
..##.#.#.###.###...#
.. ...#..............
...##.#.#.#.#.###....
........#.#.#.# #.#
..........#.#.###.#.
...####.....)W.......
.. ####.....@........
.............#####.
#####...#.........
#...#.##..#.##
#...<..##.# #
#...#.)# .# #......#
.> #........ ..
#.#.#..... ..


You could see a phantom.

Vanquished Creatures
  A hound (D:3)
  A jelly (D:4)
  An iguana (D:3)
  2 adders (D:3)
  2 worms (D:2)
  4 dart slugs
  3 orcs (D:3)
  8 endoplasms
  3 giant cockroaches
  4 goblins
  2 hobgoblins
  2 jackals (D:3)
  4 ball pythons
  8 bats
  5 frilled lizards
  2 kobolds (D:1)
  3 rats (D:1)
55 creatures vanquished.

Notes
Turn   | Place    | Note
-------+----------+-------------------------------------------
     0 | D:1      | Arum the Formicid Fighter began the quest for the Orb.
     0 | D:1      | Reached XP level 1. HP: 18/18 MP: 1/1
    55 | D:1      | You fall into a shaft and drop 1 floor!
    65 | D:2      | Reached XP level 2. HP: 21/24 MP: 2/2
   627 | D:2      | Reached XP level 3. HP: 26/30 MP: 3/3
   796 | D:3      | Reached XP level 4. HP: 34/37 MP: 4/4
  2188 | D:3      | Reached XP level 5. HP: 42/42 MP: 5/5
  2562 | D:4      | Noticed an ogre
  2571 | D:4      | Noticed a phantom
  2620 | D:4      | Slain by a phantom

Illustrated notes

Levels and vault maps discovered:
D:1:      co_arrival_random_square_maze, layout_basic
D:2:      layout_rooms
D:3:      layout_basic
D:4:      cheibrodos_helix_gallery, layout_basic, gammafunk_ghost_gnarly_gnolls,
          serial_curves, eino_curves_04, eino_curves_03, serial_bayou_crossing

Skill      XL: |  1  2  3  4 |
---------------+-------------+-----
Armour         | 4 |  4.6
Fighting       | 4 |  4.6
Axes           | 3 |  3.5
Shields        | |  4.0

Action                   |  1- 3 |  4- 6 || total
-------------------------+-------+-------++-------
Melee: War axe           |    48 |    27 ||    75
       Hand axe          |       |    67 ||    67
 Abil: Dig               |       |     1 ||     1
Armor: Scale mail        |    17 |    43 ||    60
Dodge: Dodged            |    25 |    59 ||    84
Block: Buckler           |    11 |    23 ||    34
